 Dungeon Crawl Stone Soup version 0.16-a0-3789-g74483ed (webtiles) character file.

4846 Miyamura the Protected (level 10, -6/88 HPs)
             Began as a Minotaur Wizard on Jan 24, 2015.
             Was an Elder of Makhleb.
             Mangled by a troll (10 damage)
             ... on level 9 of the Dungeon on Jan 25, 2015.
             The game lasted 00:44:27 (12642 turns).

Miyamura the Protected (Minotaur Wizard)           Turns: 12642, Time: 00:44:27

Health: -6/88      AC: 10    Str: 22    XL:     10   Next: 25%
Magic:  13/13      EV: 14    Int: 15    God:    Makhleb [****..]
Gold:   515        SH: 10    Dex: 14    Spells: 3 memorised, 8 levels left

rFire  . . .     SeeInvis .     y - +0 hand axe
rCold  . . .     Clarity  .     k - +0 scale mail
rNeg   . . .     SustAb   .     D - +0 shield
rPois  .         Gourm    .     (helmet unavailable)
rElec  .         Spirit   .     (no cloak)
rCorr  .         Warding  .     (no gloves)
rMut   .         Stasis   .     (no boots)
MR     .....                    (no amulet)
Stlth  ..........               f - +4 ring of strength
                                i - +6 ring of dexterity

@: not resistant to hostile enchantments, extremely unstealthy
A: retaliatory headbutt, claws 1, horns 3, repulsion field 1, yellow scales 1,
strong 1
a: Minor Destruction, Lesser Servant of Makhleb, Major Destruction, Renounce
Religion


You were on level 9 of the Dungeon.
You worshipped Makhleb.
Makhleb was greatly pleased with you.
You were hungry.

You visited 2 branches of the dungeon, and saw 10 of its levels.

You collected 515 gold pieces.

Inventory:

Hand weapons
 e - a +2 spear
 y - a +0 hand axe (weapon)
Armour
 b - a +1 hat
 k - a +0 scale mail (worn)
 D - a +0 shield (worn)
Jewellery
 f - a +4 ring of strength (right claw)
 i - a +6 ring of dexterity (left claw)
 m - a +5 ring of evasion
 r - an uncursed ring of protection from cold
 A - an uncursed ring of fire
Magical devices
 a - a wand of lightning (4)
Scrolls
 n - 3 scrolls of magic mapping
 p - 2 scrolls of recharging
 q - 4 scrolls of remove curse
 t - a scroll of blinking
 v - 2 scrolls of fog
 x - 2 scrolls of amnesia
Potions
 g - a potion of brilliance
 o - a potion of resistance
 u - a potion of curing
 C - a potion of restore abilities
Books
 c - a book of Minor Magic

   Spells                             Type                      Level
   a - Magic Dart                     Conjuration                  1
   b - Blink                          Translocation                2
   c - Call Imp                       Summoning                    2
   d - Repel Missiles                 Charms/Air                   2
   e - Slow                           Hexes                        2
   f - Conjure Flame                  Conjuration/Fire             3
   g - Mephitic Cloud                 Conjuration/Poison/Air       3
 B - a book of the Earth

   Spells                             Type                      Level
   a - Leda's Liquefaction            Hexes/Earth                  4
   b - Bolt of Magma                  Conjuration/Fire/Earth       5
   c - Statue Form                    Transmutation/Earth          6
   d - Iron Shot                      Conjuration/Earth            6
   e - Shatter                        Earth                        9
Comestibles
 d - 10 bread rations
 j - 2 slices of pizza
 l - 2 meat rations
 s - a royal jelly
 w - a fruit


   Skills:
 + Level 7.8 Fighting
 + Level 5.4(6.4) Axes
 - Level 5.0(6.1) Polearms
 + Level 8.4 Armour
 + Level 7.8 Dodging
 - Level 1.5 Stealth
 + Level 4.8 Shields
 - Level 2.1 Spellcasting
 - Level 0.6 Conjurations
   Level 0.6 Summonings
 - Level 0.6 Translocations
 + Level 5.2 Invocations


You had 8 spell levels left.
You knew the following spells:

 Your Spells              Type           Power        Failure   Level  Hunger
a - Magic Dart            Conj           #...         98%         1    #......
b - Blink                 Tloc           N/A          99%         2    ###....
c - Repel Missiles        Chrm/Air       #.....       100%        2    ###....


Dungeon Overview and Level Annotations

Branches:
Dungeon (9/15)             Temple (1/1) D:4
   Lair: D:8-11         Orc: D:9-12

Altars:
Ashenzari
Cheibriados
Dithmenos
Elyvilon
Fedhas
Gozag
Kikubaaqudgha
Makhleb
Nemelex Xobeh
Okawaru
Qazlal
Ru
Sif Muna
Trog
Vehumet
Xom
Yredelemnul
Zin
The Shining One
Beogh

Annotations:
D:3 Grinder, Sigmund
D:4 Johnny's ghost, average OpFi
D:6 runed door
D:9 runed door


Innate Abilities, Weirdness & Mutations

You reflexively headbutt those who attack you in melee.
You have a pair of large horns on your head.
You have sharp fingernails.
You are surrounded by a mild repulsion field (EV +2).
You are partially covered in yellow scales (AC +2).
Your muscles are strong. (Str +2)


Message History

You kill the jackal!
Makhleb accepts your kill.
You feel a little better.
You hit the troll.
The troll is lightly wounded.
The troll misses you. The troll barely misses you. The troll misses you.
You hit the troll but do no damage.
The troll is lightly wounded.
You block the troll's attack. The troll claws you. The troll misses you.
You hit the troll but do no damage.
The troll is lightly wounded.
The troll bites you!
* * * LOW HITPOINT WARNING * * *
The troll claws you!
* * * LOW HITPOINT WARNING * * *
The troll claws you.
* * * LOW HITPOINT WARNING * * *
The jackal bites you but does no damage.
The troll closely misses you. The troll claws you!
You die...

...# ########
...####.#÷+%%#
.#.#.#.#..#%÷#
.#.....#..#%÷#
.###.#.#..##+# # .
.######.#.# .###..
###.##############......
#
#..............†...#...
#
#.............@h.......
#
##..#..8...8..#T.###...
# #..#..#...#..#.## #
#..#..#...#..#.# #
##.#..#(..#..#.# #
#.#..#...#..#.. #
#.#..#...#..#.. #
#.#..#+++#..#.. # #.#..+
+..#.


You could see a troll and a jackal.

Vanquished Creatures
  A two-headed ogre (D:8)
  4 yaks (D:9)
  A hungry ghost (D:7)
  A black bear (D:5)
  3 ice beasts
  5 ogres
  4 orc warriors
  3 sky beasts
  A phantom (D:8)
  5 centaurs
  6 giant frogs
  A scorpion (D:8)
  A spriggan skeleton (D:9)
  A troll skeleton (D:9)
  4 goliath beetles
  A quasit (D:9)
  3 giant frog zombies (D:6)
  3 jellies
  3 crimson imps
  7 hounds
  2 centaur skeletons
  A giant frog skeleton (D:6)
  3 orc priests
  An iguana (D:5)
  5 orc wizards
  5 worker ants
  A hound zombie (D:5)
  9 adders
  2 giant mites
  2 adder zombies
  4 giant geckos
  An ooze (D:2)
  33 orcs
  2 bat skeletons
  8 goblins
  17 hobgoblins
  13 jackals
  6 kobolds
  7 quokkas
  A ball python (D:2)
  15 bats
  6 giant cockroaches
  2 giant gecko skeletons (D:3)
  10 giant newts
  A giant spore (D:6)
  A quokka skeleton (D:6)
  16 rats
  8 ballistomycetes (D:6)
240 creatures vanquished.

Vanquished Creatures (others)
  A kobold (D:8)
  A quokka (D:8)
  2 giant spores (D:6)
  A ballistomycete (D:6)
5 creatures vanquished.

Grand Total: 245 creatures vanquished

Notes
Turn   | Place    | Note
--------------------------------------------------------------
     0 | D:1      | Miyamura, the Minotaur Wizard, began the quest for the Orb.
     0 | D:1      | Reached XP level 1. HP: 14/14 MP: 3/3
   329 | D:1      | Reached skill level 1 in Armour
   335 | D:1      | Reached XP level 2. HP: 20/22 MP: 3/3
   350 | D:1      | Learned a level 2 spell: Blink
   389 | D:1      | Reached skill level 1 in Fighting
   936 | D:1      | Reached XP level 3. HP: 25/28 MP: 5/5
  1023 | D:1      | Reached skill level 3 in Dodging
  1473 | D:2      | Found a basalt altar of Yredelemnul.
  1730 | D:2      | Found a glowing silver altar of Zin.
  2222 | D:2      | Reached XP level 4. HP: 32/36 MP: 5/5
  2321 | D:3      | Learned a level 2 spell: Repel Missiles
  2582 | D:3      | Noticed Grinder
  3559 | D:3      | Noticed Sigmund
  3587 | D:2      | Reached skill level 1 in Axes
  3984 | D:4      | Noticed Johnny's ghost (average OpFi)
  4334 | D:4      | Got a steaming helmet
  4397 | D:4      | Reached XP level 5. HP: 21/44 MP: 6/6
  4564 | D:4      | Noticed an ogre
  4566 | D:4      | Gained mutation: You are surrounded by a mild repulsion field (EV +2). [potion of mutation]
  4566 | D:4      | Gained mutation: You have sharp fingernails. [potion of mutation]
  4581 | D:4      | Killed an ogre
  4581 | D:4      | Reached skill level 4 in Dodging
  4744 | D:4      | Reached XP level 6. HP: 26/51 MP: 7/7
  5481 | D:4      | Found a staircase to the Ecumenical Temple.
  5492 | Temple   | Entered the Ecumenical Temple
  5576 | Temple   | Became a worshipper of Makhleb the Destroyer
  6086 | D:5      | Entered Level 5 of the Dungeon
  7105 | D:5      | Reached skill level 1 in Polearms
  7105 | D:5      | Reached XP level 7. HP: 53/60 MP: 8/8
  7137 | D:5      | Gained mutation: You are partially covered in yellow scales (AC +2). [mutagenic meat]
  7138 | D:5      | Gained mutation: Your muscles are strong. (Str +2) [mutagenic meat]
  7152 | D:5      | Reached skill level 5 in Dodging
  7153 | D:5      | Found a sparkling altar of Nemelex Xobeh.
  7230 | D:5      | Reached skill level 5 in Fighting
  7230 | D:5      | Reached skill level 5 in Armour
  7388 | D:5      | Gained mutation: You have a pair of large horns on your head. [potion of beneficial mutation]
  7398 | D:5      | Reached skill level 1 in Invocations
  8301 | D:5      | Reached XP level 8. HP: 66/69 MP: 8/8
  8330 | D:5      | Acquired Makhleb's first power
  8601 | D:6      | Reached skill level 6 in Fighting
  8787 | D:6      | Found a runed door.
  9080 | D:6      | Reached skill level 1 in Shields
  9620 | D:5      | Reached XP level 9. HP: 58/78 MP: 10/10
  9838 | D:6      | Acquired Makhleb's second power
  9899 | D:6      | Reached skill level 5 in Polearms
 10318 | D:6      | Found a roughly hewn altar of Beogh.
 10439 | D:7      | Found a shimmering altar of Xom.
 10439 | D:7      | Found a shimmering altar of Xom.
 10439 | D:7      | Found a shimmering altar of Xom.
 10439 | D:7      | Found a shimmering altar of Xom.
 10439 | D:7      | Found a shimmering altar of Xom.
 10465 | D:7      | Found a shimmering altar of Xom.
 10491 | D:7      | Found a shimmering altar of Xom.
 10496 | D:7      | Found a shimmering altar of Xom.
 10596 | D:7      | Found an opulent altar of Gozag.
 10620 | D:7      | Reached skill level 7 in Armour
 10913 | D:7      | Found a snail-covered altar of Cheibriados.
 10920 | D:7      | Acquired Makhleb's third power
 10972 | D:7      | Noticed a harpy
 11129 | D:7      | Noticed an octopode
 11136 | D:7      | Noticed a black mamba
 11136 | D:7      | an octopode changed into a black mamba
 11425 | D:7      | Upgraded the game from 0.16-a0-3770-gc215ce9 to 0.16-a0-3789-g74483ed
 11508 | D:8      | Found a white marble altar of Elyvilon.
 11957 | D:8      | Acquired Makhleb's fourth power
 12111 | D:8      | Found a blossoming altar of Fedhas.
 12286 | D:9      | Reached skill level 5 in Axes
 12286 | D:9      | Reached skill level 8 in Armour
 12297 | D:9      | Reached XP level 10. HP: 74/86 MP: 12/12
 12385 | D:9      | Reached skill level 5 in Invocations
 12565 | D:9      | Found a runed door.
 12642 | D:9      | HP: 4/88 [troll (5)]
 12642 | D:9      | Mangled by a troll

Action                   |  1- 3 |  4- 6 |  7- 9 | 10-12 || total
-------------------------+-------+-------+-------+-------++-------
Melee: Spear             |   134 |    83 |   405 |       ||   622
       Unarmed           |    11 |       |       |       ||    11
       Hand axe          |       |   161 |   226 |    97 ||   484
 Cast: Magic Dart        |     1 |     1 |     1 |       ||     3
       Repel Missiles    |       |     1 |     1 |       ||     2
  Use: Scroll            |     8 |     7 |    10 |       ||    25
       Potion            |     1 |    13 |     4 |       ||    18
 Stab: Sleeping          |     5 |     2 |       |       ||     7
       Distracted        |       |     2 |       |       ||     2
  Eat: Chunk             |     4 |    15 |    21 |     1 ||    41
